 Dungeon Crawl Stone Soup version 0.30-a0-738-g116ff8c4af (webtiles) character file.

Game seed: 8911922398391603809

1910 holysushi the Slicer (level 9, 0/52 HPs)
             Began as a Kobold Monk on Feb 4, 2023.
             Was a Believer of Okawaru.
             Slain by an orc
             ... wielding a +0 flail
              (7 damage)
             ... on level 6 of the Dungeon.
             The game lasted 00:09:01 (7727 turns).

holysushi the Slicer (Kobold Monk)                  Turns: 7727, Time: 00:09:02

Health: 0/52       AC:  2    Str:  8    XL:     9   Next: 38%
Magic:  10/12      EV: 24    Int: 12    God:    Okawaru [**....]
Gold:   592        SH:  0    Dex: 21    Spells: 8/8 levels left

rFire   . . .      SeeInvis .    a - +0 rapier
rCold   . . .      Faith    +    (no shield)
rNeg    . . .      Spirit   .    b - +0 robe
rPois   .          Reflect  .    (no helmet)
rElec   .          Harm     .    (no cloak)
rCorr   .          Rampage  .    (no gloves)
Will    .....                    (no boots)
Stlth   +++++++                  j - amulet of faith
HPRegen 0.28/turn                (no ring)
MPRegen 0.13/turn                (no ring)

@: heroic, studying Invocations, invisible
A: small, no large weapons, nightstalker 3
a: Renounce Religion, Heroism


You were on level 6 of the Dungeon.
You worshipped Okawaru.
Okawaru was pleased with you.
You visited 2 branches of the dungeon, and saw 8 of its levels.

You collected 1180 gold pieces.
You spent 588 gold pieces at shops.

Inventory:

Hand Weapons
 a - a +0 rapier (weapon)
 s - a +1 short sword
Missiles
 t - a throwing net (quivered)
Armour
 b - a +0 robe (worn)
Jewellery
 j - an amulet of faith (around neck)
 l - an amulet of magic regeneration
 n - an amulet of reflection
Wands
 q - a wand of paralysis (20)
 r - a wand of iceblast (3)
Scrolls
 f - 4 scrolls of fog
 h - 4 scrolls of teleportation
 k - 4 scrolls of amnesia
 m - 4 scrolls of identify
 o - 2 scrolls of vulnerability
 v - a scroll of enchant armour {unknown}
Potions
 c - 3 potions of ambrosia
 d - 3 potions of degeneration
 e - a potion of resistance
 g - 4 potions of cancellation
 i - 2 potions of might
 p - a potion of magic
 u - 2 potions of invisibility
 w - a potion of flight


   Skills:
 - Level 3.7(8.7) Fighting
 - Level 10.1(15.1) Short Blades
 - Level 7.3(12.3) Dodging
 + Level 9.4(14.4) Stealth
 - Level 4.8 Invocations


You had 8 spell levels left.
You didn't know any spells.
Your spell library contained the following spells:

 Spells                   Type           Power      Damage    Failure   Level
 Magic Dart               Conj           0%         1d3       32%         1
 Blink                    Tloc           0%         N/A       45%         2
 Lesser Beckoning         Tloc           0%         N/A       45%         2
 Momentum Strike          Conj/Tloc      0%         3d8       45%         2
 Mephitic Cloud           Conj/Pois/Air  0%         N/A       69%         3
 Call Imp                 Summ           Unusable   N/A       N/A         2

Dungeon Overview and Level Annotations

Branches:
Dungeon (7/15) Zot: 26694  Temple (1/1) D:4 Zot: 5820

Altars:
Ashenzari
Cheibriados
Dithmenos
Elyvilon
Fedhas
Gozag
Hepliaklqana
Kikubaaqudgha
Makhleb
Nemelex Xobeh
Okawaru
Qazlal
Ru
Sif Muna
Trog
Uskayaw
Vehumet
Wu Jian
Xom
Yredelemnul
Zin
The Shining One

Shops:
D:1 *   D:6 *

Annotations:
D:4 3 runed translucent doors


Innate Abilities, Weirdness & Mutations

You are small and have problems with some larger weapons.
You are completely attuned to the shadows.


Message History

The orc warrior completely misses you.
You hit the orc warrior but do no damage.
The orc warrior is heavily wounded.
You puncture the orc warrior!
The orc warrior is almost dead.
You closely miss the orc warrior.
The orc warrior is almost dead.
The orc warrior barely misses you.
You barely miss the orc warrior.
The orc warrior is almost dead.
You barely miss the orc warrior.
The orc warrior is almost dead.
You hit the orc but do no damage.
The orc warrior hits you with a +0 heavy scimitar.
The orc barely misses you.
You closely miss the orc warrior.
The orc warrior is almost dead.
You hit the orc warrior but do no damage.
The orc warrior is almost dead.
The orc hits you with a +0 flail!
* * * LOW HITPOINT WARNING * * *
The orc warrior completely misses you.
You hit the orc warrior.
The orc warrior is almost dead.
The orc barely misses you.
You hit the orc warrior but do no damage.
The orc warrior is almost dead.
The orc warrior closely misses you.
You closely miss the orc warrior.
The orc warrior is almost dead.
The orc misses you.
It was a potion of invisibility.
You fade into invisibility!
The orc closely misses you.
The orc warrior hits you with a +0 heavy scimitar.
* * * LOW HITPOINT WARNING * * *
You gain the combat prowess of a mighty hero.
Okawaru will no longer gift you throwing weapons.
The orc hits you with a +0 flail!
You die...

######## #......######
#......#....# #......#....#
#......#....# #......#....#
#......#.@o.# #......###o##
########.........o.#
#......#........)..#
#......#.......oo..#
#......#.....).....#
#.....)')..........#
#.##+###)..........##############
###.....##'#######......#.......#


You could see an orc warrior (unable to see you) and 2 orcs.

Vanquished Creatures
  A steam dragon (D:7)
  Duvessa (D:4)
  An orc warrior (D:6)
  A centaur (D:5)
  2 ogres
  2 phantoms
  A necrophage (D:5)
  6 scorpions
  A bullfrog (D:6)
  Dowan (D:4)
  4 hounds
  2 jellies (D:6)
  An iron imp (D:6)
  Natasha (D:4)
  6 iguanas
  6 orc wizards
  A gnoll (D:1)
  3 adders
  A shadow imp (D:4)
  2 white imps
  A worm (D:2)
  7 dart slugs
  18 orcs
  11 ball pythons
  8 endoplasms
  2 giant cockroaches
  9 goblins
  3 hobgoblins
  2 jackals (D:4)
  3 quokkas
  6 bats
  5 frilled lizards
  3 kobolds
  5 rats
127 creatures vanquished.

Vanquished Creatures (others)
  An orc wizard (D:6)
1 creature vanquished.

Grand Total: 128 creatures vanquished

Notes
Turn   | Place    | Note
-------+----------+-------------------------------------------
     0 | D:1      | holysushi the Kobold Monk began the quest for the Orb.
     0 | D:1      | Reached XP level 1. HP: 14/14 MP: 1/1
   333 | D:1      | Reached XP level 2. HP: 17/19 MP: 2/2
   500 | D:1      | Reached skill level 5 in Short Blades
   585 | D:1      | Found Lyeh Cie's Assorted Antiques.
   604 | D:1      | Reached XP level 3. HP: 13/23 MP: 3/3
   648 | D:1      | Bought a scroll labelled DISOKI ULLOEKK for 29 gold pieces
   857 | D:2      | Reached skill level 6 in Short Blades
   921 | D:2      | Reached XP level 4. HP: 28/28 MP: 4/4
  2250 | D:4      | Found a staircase to the Ecumenical Temple.
  2281 | Temple   | Entered the Ecumenical Temple
  2442 | Temple   | Became a worshipper of Warmaster Okawaru
  2442 | Temple   | Reached * piety under Okawaru
  2442 | Temple   | Reached ** piety under Okawaru
  2500 | D:4      | Found a runed translucent gate.
  2500 | D:4      | Found a runed translucent gate.
  2500 | D:4      | Found a runed translucent gate.
  2560 | D:4      | Noticed a scorpion
  2572 | D:4      | Killed a scorpion
  2573 | D:4      | Reached skill level 7 in Short Blades
  2573 | D:4      | Reached XP level 5. HP: 29/32 MP: 2/5
  2696 | D:4      | Reached skill level 8 in Short Blades
  2896 | D:4      | Noticed Dowan
  2898 | D:4      | Noticed Duvessa
  3179 | D:4      | Noticed Natasha
  3183 | D:4      | Killed Natasha
  3184 | D:4      | Reached XP level 6. HP: 34/37 MP: 6/6
  3215 | D:4      | Reached skill level 9 in Short Blades
  3627 | D:4      | Killed Duvessa
  3628 | D:4      | Reached skill level 1 in Invocations
  3628 | D:4      | Reached XP level 7. HP: 4/41 MP: 6/8
  3638 | D:4      | Killed Dowan
  3944 | D:5      | Entered Level 5 of the Dungeon
  3981 | D:5      | Reached skill level 10 in Short Blades
  4405 | D:5      | Reached skill level 5 in Dodging
  4405 | D:5      | Reached XP level 8. HP: 39/46 MP: 8/10
  5293 | D:5      | Identified 2 scrolls of acquirement
  5293 | D:5      | Acquired a manual of Invocations
  5308 | D:5      | Reached skill level 5 in Stealth
  5640 | D:6      | Found a white marble altar of Elyvilon.
  5643 | D:6      | Found a glowing golden altar of the Shining One.
  5644 | D:6      | Found a shimmering altar of Xom.
  5650 | D:6      | Found a hazy altar of Hepliaklqana.
  5657 | D:6      | Found a broken altar of Ashenzari.
  5658 | D:6      | Found a stormy altar of Qazlal.
  5670 | D:6      | Found a radiant altar of Vehumet.
  6777 | D:6      | Found a snail-covered altar of Cheibriados.
  6792 | D:6      | Reached XP level 9. HP: 52/52 MP: 12/12
  6998 | D:6      | Found a blossoming altar of Fedhas.
  7152 | D:6      | Found Cycamaeh's General Store.
  7157 | D:6      | Acquired 845 gold pieces
  7159 | D:6      | Bought an amulet of faith for 520 gold pieces
  7159 | D:6      | Bought a scroll of teleportation for 39 gold pieces
  7373 | D:6      | Reached *** piety under Okawaru
  7727 | D:6      | Slain by an orc

Illustrated notes

Levels and vault maps discovered:
D:1:      dpeg_arrival_tiny_c, layout_loops_cross, serial_shops,
          nicolae_diamond_shop
D:2:      layout_loops_ring, nrook_campfire, kennysheep_generic_room_10
D:3:      layout_loops_ring
D:4:      layout_rooms, minmay_temple_entry_mini_moons, serial_corexii_hall,
          chequers_hall_statues_y, chequers_hall_statues_wall_a,
          gammafunk_ghost_necromancy, hangedman_abyss_or_decor_passed,
          hangedman_decor_lopped, uniq_natasha, uniq_duvessa
D:5:      minmay_inner_zag, layout_basic
D:6:      layout_gridville, slow_altar_2, nicolae_overflow_hallway_of_the_gods,
          serial_shops, nicolae_shop_hallway_stairs
D:7:      layout_gridville, minmay_quadrilaterals
Temple:   hellmonk_temple_forest_ring

Skill      XL: |  1  2  3  4  5  6  7  8  9 |
---------------+----------------------------+-----
Short Blades   | 5 6 7 8 9 10 | 10.1
Invocations    | 1 3 4 |  4.8
Dodging        | 5 7 |  7.3
Stealth        | 5 9 |  9.4
Fighting       | |  3.7

Action                     |  1- 3 |  4- 6 |  7- 9 || total
---------------------------+-------+-------+-------++-------
  Melee: Short sword       |    51 |   182 |     4 ||   237
         Punch             |     1 |       |     4 ||     5
         Rapier            |       |       |   369 ||   369
 Invoke: Heroism           |       |     3 |     8 ||    11
    Use: Scroll            |     4 |     3 |     8 ||    15
         Potion            |       |     2 |     4 ||     6
   Stab: Sleeping          |    13 |    18 |    10 ||    41
 Armour: Robe              |     2 |     3 |    20 ||    25
  Dodge: Dodged            |    30 |    89 |   189 ||   308
  Block: Other             |       |       |    33 ||    33

Table legend: (Time is in decaauts)
 A = Elapsed time spent in this place.
 B = Non-inter-level travel time spent in this place.
 C = Inter-level travel time spent in this place.
 D = Time resting spent in this place.
 E = Time spent auto-exploring this place.
 F = Levels seen in this place.
 G = Mean time per level.
                   A        B        C        D        E       F      G
               +--------+--------+--------+--------+--------+-----+--------+
         Total |   7478 |   7301 |    177 |   1584 |   4486 |   8 |  934.8 |
       Dungeon |   7298 |   7147 |    151 |   1584 |   4349 |   7 | 1042.6 |
        Temple |    179 |    153 |     26 |      0 |    137 |   1 |  179.0 |
               +--------+--------+--------+--------+--------+-----+--------+

Top non-repeatable levels by time:
     D:6: 1730 daAuts
     D:5: 1624 daAuts
     D:4: 1441 daAuts
     D:2: 749 daAuts
     D:1: 740 daAuts
     D:3: 723 daAuts
     D:7: 287 daAuts
  Temple: 179 daAuts
